[Event "Team 45 45 League T24"]
[Site "Internet Chess Club"]
[Date "2004.09.19"]
[Round "2"]
[White "JSC"]
[Black "Rookmaster"]
[Result "1-0"]
[WhiteElo "1898"]
[BlackElo "1822"]
[TimeControl "2700+45"]

1. e4 c5 2. c3 d5 3. exd5 Qxd5 4. d4 Nf6 5. Nf3 Bg4 6. Be2 e6 7. Be3 cxd4 8.
cxd4 Bb4+ 9. Nbd2 Bxd2+ 10. Qxd2 O-O 11. O-O Nc6 12. h3 Bf5 13. Rfc1 Ne4 14. Qe1
Rac8 15. Rd1 Ne7 16. Qb4 Nc6 17. Qe1 Ne7 18. Nh4 Rc2 19. f3 Ng3 20. Rd2 Nxe2+
21. Qxe2 Rxd2 22. Qxd2 Rc8 23. Nxf5 Qxf5 24. Qb4 Qd3 25. Bf2 Rc7 26. Qd6 Rc8 27.
Qxe7 Qb5 28. b3 Re8 29. Qc5 {Black resigns} 1-0

[Event "Team 45 45 League T24"]
[Site "Internet Chess Club"]
[Date "2004.09.18"]
[Round "2"]
[White "Kingofknights"]
[Black "fernbap"]
[Result "1-0"]
[WhiteElo "1704"]
[BlackElo "1768"]
[TimeControl "2700+45"]

1. d4 Nf6 2. c4 g6 3. Nc3 d5 4. cxd5 Nxd5 5. e4 Nxc3 6. bxc3 Bg7 7. Rb1 c5 8.
Be3 Qa5 9. Qd2 Nc6 10. Rb5 Qa3 11. Rxc5 O-O 12. Rb5 a6 13. Rb3 Qa5 14. Nf3 b5
15. Be2 Rd8 16. O-O f5 17. e5 Nxe5 18. Nxe5 Bxe5 19. Bf3 Rb8 20. Qc2 Bd6 21. c4
f4 22. Bd2 Qc7 23. c5 e5 24. Rc1 Bf8 25. d5 Bf5 26. Be4 Rxd5 27. Bxd5+ Kh8 28.
Be4 {Black resigns} 1-0

[Event "Team 45 45 League T24"]
[Site "Internet Chess Club"]
[Date "2004.09.19"]
[Round "2"]
[White "PauloBarbosa"]
[Black "OxidisedLizard"]
[Result "0-1"]
[WhiteElo "1601"]
[BlackElo "1758"]
[TimeControl "2700+45"]

1. c4 Nf6 2. Nc3 g6 3. g3 Bg7 4. Bg2 O-O 5. e4 d6 6. Nge2 e5 7. O-O Nc6 8. d3
Ne8 9. f4 f5 10. Be3 Nf6 11. exf5 Bxf5 12. Qd2 Ng4 13. Nd5 Qd7 14. Rab1 Nxe3 15.
Qxe3 exf4 16. Ndxf4 Rae8 17. Qd2 g5 18. Nd5 Nd4 19. Ndc3 Bg4 20. Rxf8+ Rxf8 21.
Nxd4 Bxd4+ 22. Kh1 Bxc3 23. Bd5+ Be6 24. Bxe6+ Qxe6 25. Qxc3 Qe2 26. Qe1 Qxd3
27. Qe6+ Rf7 28. Re1 Qf3+ 29. Kg1 Qf2+ 30. Kh1 Qxb2 31. Rf1 Qg7 32. Qc8+ Rf8 33.
Rxf8+ Qxf8 34. Qxc7 {White resigns} 0-1

[Event "Team 45 45 League T24"]
[Site "Internet Chess Club"]
[Date "2004.09.23"]
[Round "2"]
[White "softbunney"]
[Black "Turnedone"]
[Result "1-0"]
[WhiteElo "2177"]
[BlackElo "2223"]
[TimeControl "2700+45"]

1. d4 Nf6 2. c4 c5 3. Nf3 g6 4. Nc3 cxd4 5. Nxd4 Nc6 6. g3 Bg7 7. Bg2 O-O 8. O-O
a6 9. Nc2 Rb8 10. b3 b5 11. c5 Bb7 12. b4 a5 13. a3 axb4 14. axb4 Nh5 15. Bb2
Ne5 16. Bxb7 Nc4 17. Bd5 Nxb2 18. Qd2 Na4 19. Nd4 Nxc3 20. Qxc3 e6 21. Bg2 d6
22. c6 Qc7 23. Ra5 Rb6 24. Qd3 Bxd4 25. Qxd4 d5 26. Rc1 Rxc6 27. Rxc6 {Black got
disconnected and forfeits} 1-0

[Event "Team 45 45 League T24"]
[Site "Internet Chess Club"]
[Date "2004.09.24"]
[Round "2"]
[White "fileman"]
[Black "Falhari"]
[Result "0-1"]
[WhiteElo "2009"]
[BlackElo "2027"]
[TimeControl "2700+45"]

1. e4 c5 2. f4 d5 3. Nc3 dxe4 4. Nxe4 e6 5. Nf3 Nf6 6. Nf2 Bd6 7. g3 b6 8. Bg2
Bb7 9. O-O O-O 10. b3 Nbd7 11. Bb2 Qc7 12. d3 Rad8 13. Qe2 Rfe8 14. Rad1 e5 15.
fxe5 Nxe5 16. Nxe5 Bxg2 17. Kxg2 Bxe5 18. Bxe5 Rxe5 19. Qf3 Rde8 20. Ng4 Nxg4
21. Qxg4 Re2+ 22. Rf2 Qc6+ 23. Qf3 Rxf2+ 24. Kxf2 Qe6 25. Rf1 Qe5 26. Kg2 f6 27.
a4 Re7 28. Qa8+ Kf7 29. Qf3 Qe2+ 30. Rf2 Qxf3+ 31. Kxf3 g6 32. Rd2 f5 33. Kf4
Kf6 34. d4 Re4+ 35. Kf3 cxd4 36. h4 Ke5 37. Rd3 h6 38. h5 g5 39. c3 g4+ 40. Kf2
a6 41. c4 Kd6 42. b4 f4 43. gxf4 Rxf4+ 44. Kg3 Re4 45. Kh4 Ke5 46. Kg3 Re3+ 47.
Rxe3+ dxe3 48. Kg2 a5 49. c5 e2 50. Kf2 g3+ 51. Kxe2 axb4 52. cxb6 Kd6 53. Kf3
b3 54. Kxg3 b2 55. a5 b1=Q {White resigns} 0-1

[Event "Team 45 45 League T24"]
[Site "Internet Chess Club"]
[Date "2004.09.17"]
[Round "2"]
[White "Zornorph"]
[Black "Plattner"]
[Result "0-1"]
[WhiteElo "1896"]
[BlackElo "1799"]
[TimeControl "2700+45"]

1. c4 f5 2. d4 Nf6 3. Nc3 g6 4. g3 Bg7 5. Bg2 O-O 6. Bg5 d6 7. Nf3 c6 8. O-O Qe8
9. Qc1 Qf7 10. Nd2 h6 11. Be3 Ng4 12. d5 Nxe3 13. fxe3 Qe8 14. Rb1 a5 15. b3 Na6
16. a3 Bd7 17. Nf3 c5 18. Ne1 Rb8 19. a4 Nc7 20. Nd3 Kh7 21. Qd2 Rd8 22. Rbd1
Bc8 23. Nb5 Nxb5 24. axb5 b6 25. Nf4 Rf6 26. Nd3 e5 27. e4 Qe7 28. Nb2 Rdf8 29.
Na4 Qd8 30. e3 R8f7 31. Bh3 Bd7 32. Rf2 fxe4 33. Bxd7 Rxf2 34. Qxf2 Rxf2 35.
Kxf2 Qxd7 36. Nxb6 Qf7+ 37. Kg1 Qf3 38. Rf1 Qxe3+ 39. Rf2 Qxb3 40. Nc8 Qxc4 41.
b6 Qxd5 {White resigns} 0-1

[Event "Team 45 45 League T24"]
[Site "Internet Chess Club"]
[Date "2004.09.19"]
[Round "2"]
[White "BillyNoMates"]
[Black "CraigCKlein"]
[Result "1/2-1/2"]
[WhiteElo "1734"]
[BlackElo "1783"]
[TimeControl "2700+45"]

1. e4 c5 2. Nf3 e6 3. d4 cxd4 4. Nxd4 a6 5. Nc3 Qc7 6. Be3 Nf6 7. Be2 Bb4 8. f3
d5 9. O-O Bxc3 10. bxc3 dxe4 11. fxe4 Nxe4 12. Qd3 Nxc3 13. Rae1 Nxe2+ 14. Rxe2
O-O 15. Bf4 Qb6 16. Kh1 Nc6 17. Nxc6 Qxc6 18. Be5 f6 19. Ref2 Qd5 20. Qg3 Bd7
21. Rxf6 Rxf6 22. Bxf6 g6 23. Bb2 Bc6 24. Qf2 Qf5 25. Qe2 Qe4 26. Qf2 Qf5 27.
Qe2 Qd5 28. Qf2 e5 29. c4 Qxc4 30. Bxe5 Qd5 31. Ba1 Qf5 32. Qe2 Bb5 33. Rxf5
Bxe2 34. Re5 Rf8 35. h3 Rf1+ 36. Kh2 Bc4 37. Bc3 Bxa2 38. Re7 Rf7 39. Re8+ Rf8
40. Re7 Bf7 41. Rxb7 Ra8 42. Be5 a5 43. Rb8+ Rxb8 44. Bxb8 Kf8 45. Bd6+ Ke8 46.
Kg3 Kd7 47. Be5 Ke6 48. Bb2 Kd5 49. Kf4 Kc4 50. Ke3 Kb3 51. Bd4 Kc2 52. Bc5 a4
53. g3 Be6 54. h4 h5 55. Bd6 Kb2 56. Be5+ Ka2 57. Kd2 Kb1 58. Bd6 {Game drawn by
mutual agreement} 1/2-1/2

[Event "Team 45 45 League T24"]
[Site "Internet Chess Club"]
[Date "2004.09.20"]
[Round "2"]
[White "Zillmer"]
[Black "Anicca"]
[Result "1-0"]
[WhiteElo "2176"]
[BlackElo "2237"]
[TimeControl "2700+45"]

1. e4 c5 2. Nc3 Nc6 3. f4 g6 4. Nf3 Bg7 5. Bc4 e6 6. f5 Nge7 7. fxe6 fxe6 8. d3
d5 9. Bb5 Bd7 10. O-O a6 11. Bxc6 Bxc6 12. Qe1 Qb6 13. Qh4 h6 14. exd5 Bxd5 15.
Bd2 g5 16. Qh5+ Kd7 17. Nxd5 exd5 18. Qf7 Qf6 19. Ne5+ Qxe5 20. Rae1 Raf8 21.
Rxe5 Rxf7 22. Rxd5+ Ke6 23. Rxf7 Bd4+ 24. Rxd4 cxd4 25. Rf2 Rc8 26. Re2+ Kf7 27.
c4 dxc3 28. Bxc3 Nd5 29. Rc2 b5 30. a3 a5 31. Rf2+ Ke6 32. Re2+ Kf7 33. Bxa5
Rc1+ 34. Kf2 Nf4 35. Rd2 Ke6 36. Bc3 h5 37. Kf3 Kf5 38. Ke3 Kg4 39. Kd4 h4 40.
Kc5 h3 41. gxh3+ Kf3 42. Kxb5 Nxh3 43. a4 Nf2 44. Rxf2+ Kxf2 45. Be5 g4 46. a5
Re1 47. Bg3+ {Black resigns} 1-0

[Event "Team 45 45 League T24"]
[Site "Internet Chess Club"]
[Date "2004.09.19"]
[Round "2"]
[White "trevor21"]
[Black "MissedMate"]
[Result "1-0"]
[WhiteElo "2191"]
[BlackElo "1958"]
[TimeControl "2700+45"]

1. d4 d5 2. c4 c6 3. Nc3 Nf6 4. cxd5 cxd5 5. Bf4 a6 6. e3 b5 7. a3 Bf5 8. Bd3
Bg6 9. Nge2 e6 10. O-O Bd6 11. Rc1 Qb6 12. Kh1 Nbd7 13. f3 Nh5 14. Bxd6 Qxd6 15.
e4 f6 16. exd5 exd5 17. Qc2 Bxd3 18. Qxd3 g6 19. f4 O-O 20. Qf3 Nb6 21. f5 Rac8
22. Qg4 Kg7 23. Rf3 Rh8 24. Rh3 Kf7 25. Rf1 Ng7 26. Nf4 gxf5 27. Qf3 Nc4 28. Rf2
Rce8 29. g3 Re3 30. Qxd5+ Qxd5+ 31. Ncxd5 Re1+ 32. Kg2 h5 33. Rh4 Rd8 34. Rc2
Ne6 35. Nxe6 Rxd5 36. Nf4 Rxd4 37. Kf2 Rdd1 38. Re2 Rf1+ 39. Kg2 Rg1+ 40. Kh3
Rd2 41. Rxh5 Rxe2 42. Nxe2 Re1 43. Nf4 Nxb2 44. Rh7+ Kg8 45. Ra7 Nc4 46. Rxa6
Re7 47. Rxf6 Ne3 48. Kh4 Ra7 49. Kg5 Rxa3 50. Rb6 Nf1 51. Kg6 Kf8 52. Kf6 Ke8
53. Kxf5 Nxh2 54. g4 Nf3 55. g5 Nd4+ 56. Ke5 Nf3+ 57. Kf6 Nxg5 58. Kxg5 Rb3 59.
Kf5 Kd7 60. Ke5 Rb1 61. Nd5 Rb2 62. Kd4 Rd2+ 63. Kc5 Rc2+ 64. Kxb5 Rd2 65. Nb4
Kc7 66. Rh6 Rd1 67. Na6+ Kd7 68. Nc5+ Kc7 69. Rh7+ Kd8 70. Kc6 Ke8 71. Ne4 Rd4
72. Nd6+ Kf8 73. Kd7 Kg8 74. Re7 Kf8 75. Ke6 Rd1 76. Rf7+ Kg8 77. Nf5 Ra1 78.
Ne7+ Kh8 79. Kf6 Ra6+ 80. Kg5 Ra5+ 81. Kh6 Rh5+ 82. Kg6 Rg5+ 83. Kf6 Rg1 84.
Ng6+ Kg8 {Black resigns} 1-0

[Event "Team 45 45 League T24"]
[Site "Internet Chess Club"]
[Date "2004.09.20"]
[Round "2"]
[White "Sergio56"]
[Black "siddhu"]
[Result "1/2-1/2"]
[WhiteElo "1891"]
[BlackElo "1859"]
[TimeControl "2700+45"]

1. e4 e5 2. Nf3 Nc6 3. Bb5 a6 4. Bxc6 dxc6 5. O-O f6 6. d4 Bg4 7. dxe5 Qxd1 8.
Rxd1 Bxf3 9. gxf3 fxe5 10. f4 Bd6 11. fxe5 Bxe5 12. f4 Bd6 13. Be3 O-O-O 14. e5
Be7 15. Rxd8+ Kxd8 16. Nc3 Nh6 17. Ne4 Nf5 18. Bc5 b6 19. Rd1+ Ke8 20. Bxe7 Kxe7
21. Kf2 h6 22. Ng3 Rf8 23. Nxf5+ Rxf5 24. Ke3 g5 25. fxg5 Rxe5+ 26. Kf3 Rxg5 27.
Rd4 Rf5+ 28. Ke3 Re5+ 29. Kf3 c5 30. Rg4 Kf6 31. Rg8 Ke7 32. c4 b5 33. Rg7+ Kd6
34. b3 bxc4 35. bxc4 Re7 36. Rg8 Kd7 37. h4 Rf7+ 38. Ke3 c6 39. Ra8 Rf5 40. Rg8
Kc7 41. Rg6 Rh5 42. Rg4 Kb6 43. Kf3 Rf5+ 44. Ke3 Rf6 45. Rf4 Re6+ 46. Kd3 Ka5
47. Rf8 Rg6 48. Rh8 Ka4 49. h5 Rf6 50. Kc3 Rf3+ 51. Kb2 Kb4 52. Rxh6 Rf2+ 53.
Kc1 Kxc4 54. Rxc6 Rxa2 55. h6 Kd5 56. h7 Rh2 57. Rxa6 Rxh7 58. Ra4 Rh2 59. Rg4
c4 60. Rf4 Kc5 61. Rf3 Kb4 62. Rg3 c3 63. Rg8 Kb3 64. Rb8+ {Game drawn by mutual
agreement} 1/2-1/2

[Event "Team 45 45 League T24"]
[Site "Internet Chess Club"]
[Date "2004.09.16"]
[Round "2"]
[White "fernbap"]
[Black "TrueBraveheart"]
[Result "1-0"]
[WhiteElo "1789"]
[BlackElo "1599"]
[TimeControl "2700+45"]

1. Nf3 g6 2. d4 d5 3. c4 c6 4. b3 Bg7 5. Bb2 Nf6 6. Nbd2 Bg4 7. Ne5 Bf5 8. e3
Nbd7 9. Ndf3 Nxe5 10. Nxe5 Nd7 11. cxd5 Nxe5 12. dxe5 Qa5+ 13. Qd2 Qxd2+ 14.
Kxd2 cxd5 15. Bb5+ Bd7 16. Bxd7+ Kxd7 17. e6+ Kxe6 18. Bxg7 Rhg8 19. Bd4 Kd6 20.
f4 g5 21. g3 gxf4 22. exf4 Rg4 23. Rac1 f6 24. Rhe1 Rg7 25. f5 Rg4 26. Bc5+ Kd7
27. Rxe7+ {Black resigns} 1-0

[Event "Team 45 45 League T24"]
[Site "Internet Chess Club"]
[Date "2004.09.20"]
[Round "2"]
[White "reijo"]
[Black "joshtournman"]
[Result "1-0"]
[WhiteElo "1515"]
[BlackElo "1428"]
[TimeControl "2700+45"]

1. d4 d5 2. Nf3 Nc6 3. e3 Bg4 4. c4 e5 5. Qb3 Nb4 6. Nxe5 Be6 7. a3 dxc4 8. Bxc4
Bxc4 9. Qxc4 Nd5 10. Nc3 Nxc3 11. Qxf7# {Black checkmated} 1-0

[Event "Team 45 45 League T24"]
[Site "Internet Chess Club"]
[Date "2004.09.17"]
[Round "2"]
[White "sdcohle"]
[Black "JesterFox"]
[Result "0-1"]
[WhiteElo "1339"]
[BlackElo "1479"]
[TimeControl "2700+45"]

1. d4 Nf6 2. c4 e6 3. Nf3 b6 4. Nc3 Bb7 5. e3 Be7 6. Be2 O-O 7. O-O Re8 8. b3
Bb4 9. Bd2 a6 10. Qc2 Be7 11. Bd3 Nc6 12. Ne5 Nb4 13. Ne4 Nxc2 14. Bxc2 Nxe4 15.
f3 Nxd2 16. Rf2 Nxf3+ 17. gxf3 d6 18. Ng4 f5 19. Nh6+ gxh6 20. Rg2+ Kh8 21. e4
Rg8 22. Re1 Rxg2+ 23. Kxg2 Bh4 24. Re2 fxe4 25. fxe4 Qd7 26. Kf1 Rf8+ 27. Kg1
Qg7+ 28. Rg2 Qxd4+ 29. Kh1 Rf1+ 30. Rg1 Bxe4+ 31. Bxe4 Qxe4# {White checkmated}
0-1

[Event "Team 45 45 League T24"]
[Site "Internet Chess Club"]
[Date "2004.09.20"]
[Round "2"]
[White "swingdoc"]
[Black "rph"]
[Result "0-1"]
[WhiteElo "1631"]
[BlackElo "1734"]
[TimeControl "2700+45"]

1. e4 c6 2. d4 d5 3. Nc3 dxe4 4. Nxe4 Nf6 5. Nxf6+ gxf6 6. c3 Bf5 7. Bf4 e6 8.
Nf3 Bd6 9. Qd2 Qc7 10. Bxd6 Qxd6 11. g3 Nd7 12. Bg2 h5 13. h4 O-O-O 14. O-O Rdg8
15. a4 Rg7 16. a5 a6 17. b4 Rhg8 18. c4 Be4 19. b5 f5 20. bxa6 bxa6 21. c5 Qd5
22. Qe3 Rg4 23. Rad1 f4 24. Qe2 fxg3 25. Qxa6+ Kd8 26. Rd3 gxf2+ 27. Rxf2 Bxd3
28. Qxd3 Ne5 {White resigns} 0-1

[Event "Team 45 45 League T24"]
[Site "Internet Chess Club"]
[Date "2004.09.18"]
[Round "2"]
[White "hoyd"]
[Black "forquesato"]
[Result "0-1"]
[WhiteElo "1607"]
[BlackElo "1669"]
[TimeControl "2700+45"]

1. c4 e5 2. Nc3 Nf6 3. g3 d5 4. cxd5 Nxd5 5. Bg2 Be6 6. Nf3 Nc6 7. Qa4 Bd6 8.
O-O O-O 9. d4 Nb6 10. Qd1 exd4 11. Nxd4 Nxd4 12. Qxd4 c6 13. b3 Be7 14. Qe3 Bf6
15. Rd1 Qxd1+ 16. Nxd1 Bxa1 17. Bb2 Rad8 18. Qc1 Bxb2 19. Nxb2 Bd5 20. e4 Be6
21. h3 Rd4 22. f4 Rfd8 23. Kh2 f5 24. e5 Bd5 25. Bxd5+ R8xd5 26. Kg2 Kf7 27. Kf3
g6 28. Qe1 Rd2 29. Qc1 Rh2 30. h4 Rdd2 31. Nd1 Rd3+ 32. Ne3 Nd5 33. g4 Rxe3+ 34.
Qxe3 Rh3+ 35. Kf2 Rxe3 36. gxf5 gxf5 37. h5 Rc3 38. h6 Nxf4 39. b4 Ne6 40. a4
Kg6 41. b5 cxb5 42. axb5 Kg5 43. b6 a6 44. Ke2 Kf4 45. Kd2 Rh3 46. Ke2 Ke4 47.
Kf2 Ra3 48. Kg2 Kf4 49. Kh2 Kg4 50. Kg2 Ra2+ 51. Kf1 Kg3 52. Ke1 Kf3 53. Kd1 Ke3
54. Kc1 Rh2 55. Kd1 Rg2 56. Kc1 Kd3 57. Kb1 Kc3 58. Ka1 Kb3 59. Kb1 Rg1# {White
checkmated} 0-1

[Event "Team 45 45 League T24"]
[Site "Internet Chess Club"]
[Date "2004.09.18"]
[Round "2"]
[White "Rainbird"]
[Black "crankn8tr"]
[Result "1-0"]
[WhiteElo "1563"]
[BlackElo "1472"]
[TimeControl "2700+45"]

1. Nf3 Nf6 2. c4 c5 3. g3 g6 4. Bg2 Bg7 5. Nc3 Nc6 6. O-O O-O 7. d3 d6 8. e4 Bg4
9. Qb3 Bxf3 10. Bxf3 Qc7 11. Be3 Nd7 12. Nd5 Qc8 13. Rab1 Re8 14. Bg4 e6 15. Nc3
Nde5 16. Be2 b6 17. f4 Nd7 18. Nb5 Qb8 19. e5 dxe5 20. Bf3 Rc8 21. fxe5 Bxe5 22.
Rbd1 a6 23. Nc3 Nd4 24. Bxd4 Bxd4+ 25. Kg2 Ne5 26. Bxa8 Qxa8+ 27. Kh3 Qb7 28.
Ne4 Nd7 29. Nd6 Qc7 30. Nxc8 Qxc8 31. Qc2 e5 32. Qe2 Nf6+ 33. Kg2 Ng4 34. Rf3 f5
35. h3 Nf2 36. Rxf2 Qc6+ 37. Qf3 Qxf3+ 38. Rxf3 Bxb2 39. Rb1 Bd4 40. Rxb6 g5 41.
Rxf5 {Black resigns} 1-0

[Event "Team 45 45 League T24"]
[Site "Internet Chess Club"]
[Date "2004.09.17"]
[Round "2"]
[White "JLMOE"]
[Black "Huskey"]
[Result "0-1"]
[WhiteElo "1384"]
[BlackElo "1542"]
[TimeControl "2700+45"]

1. b3 e5 2. Bb2 Nc6 3. e3 Nf6 4. Nf3 e4 5. Nd4 Nxd4 6. Bxd4 d5 7. d3 Bd6 8. Be2
O-O 9. Nd2 Re8 10. c4 c5 11. Bb2 d4 12. exd4 exd3 13. Nf3 Rxe2+ 14. Qxe2 dxe2
15. Kxe2 Bg4 16. Rhe1 cxd4 17. Rad1 Bb4 18. Rg1 Qe7+ 19. Kf1 Re8 20. h3 Qe2#
{White checkmated} 0-1

[Event "Team 45 45 League T24"]
[Site "Internet Chess Club"]
[Date "2004.09.20"]
[Round "2"]
[White "HebertPerezG"]
[Black "IAMC"]
[Result "1-0"]
[WhiteElo "2264"]
[BlackElo "2022"]
[TimeControl "2700+45"]

1. e4 e5 2. Nf3 Nc6 3. Bc4 Nf6 4. d4 exd4 5. e5 Ng4 6. Qe2 Qe7 7. Bf4 f6 8. exf6
Qxe2+ 9. Kxe2 Nxf6 10. Nbd2 Bc5 11. Rhe1 d5 12. Kf1+ Kd8 13. Bd3 Bg4 14. h3 Bxf3
15. Nxf3 h6 16. a3 a5 17. b4 Bb6 18. b5 Ne7 19. Be5 Re8 20. Nxd4 Bxd4 21. Bxd4
Nc8 22. Be2 Nd6 23. Rad1 c6 24. bxc6 bxc6 25. c4 Rxe2 26. Rxe2 Nxc4 27. a4 Kd7
28. Rb1 Kd6 29. Rb7 Rf8 30. Rxg7 c5 31. Bxf6 Rxf6 32. Ra7 Kc6 33. Ra6+ Nb6 34.
Rb2 Kb7 35. Rxa5 Rc6 36. Ke2 Kc7 37. Ra7+ Kd6 38. Ra6 Nc4 39. Rxc6+ Kxc6 40. Rb8
d4 41. Rh8 Kb6 42. Rxh6+ Ka5 43. Rh5 Kb4 44. g4 Nb2 45. g5 c4 46. g6 d3+ 47. Ke3
c3 48. Rd5 c2 49. Kd2 Nc4+ 50. Kc1 Kc3 51. Rxd3+ Kxd3 52. g7 Nd2 53. g8=Q Nb3+
54. Qxb3+ {Black resigns} 1-0

[Event "Team 45 45 League T24"]
[Site "Internet Chess Club"]
[Date "2004.09.26"]
[Round "2"]
[White "azbycx"]
[Black "SpanishFly"]
[Result "0-1"]
[WhiteElo "1906"]
[BlackElo "1981"]
[TimeControl "2700+45"]

1. d4 Nf6 2. c4 c5 3. d5 b5 4. Nf3 g6 5. b3 Bg7 6. Bb2 bxc4 7. bxc4 d6 8. Nbd2
O-O 9. g3 Qa5 10. Bg2 e6 11. dxe6 fxe6 12. O-O Bb7 13. Nb3 Qc7 14. Nfd2 Bxg2 15.
Kxg2 d5 16. Qc2 Na6 17. a3 Rab8 18. Rab1 Rb7 19. Nf3 d4 20. Nbd2 Qd6 21. Bxd4
Rxb1 22. Be5 Qc6 23. Rxb1 Bh6 24. Kg1 Ng4 25. Ba1 Nf6 26. Ne5 Qa8 27. Ndf3 Nb8
28. Qb2 Qe4 29. Rd1 Bg7 30. Qd2 Ng4 31. Qd6 Qf5 32. Qd3 Nxe5 33. Qxf5 exf5 34.
Bxe5 Re8 35. Bxg7 Kxg7 36. Rd4 cxd4 {White resigns} 0-1

[Event "Team 45 45 League T24"]
[Site "Internet Chess Club"]
[Date "2004.09.20"]
[Round "2"]
[White "Rhand"]
[Black "elnik"]
[Result "1/2-1/2"]
[WhiteElo "1932"]
[BlackElo "1905"]
[TimeControl "2700+45"]

1. e4 c5 2. Nf3 Nc6 3. c4 g6 4. d4 cxd4 5. Nxd4 Bg7 6. Be3 Nf6 7. Nc3 d6 8. Be2
O-O 9. Qd2 Nd7 10. O-O Nxd4 11. Bxd4 b6 12. Rfd1 Bb7 13. f3 Rc8 14. Rac1 Nc5 15.
Bf1 Bxd4+ 16. Qxd4 Ne6 17. Qe3 {Game drawn by mutual agreement} 1/2-1/2

[Event "Team 45 45 League T24"]
[Site "Internet Chess Club"]
[Date "2004.09.18"]
[Round "2"]
[White "deathmage"]
[Black "donking"]
[Result "1-0"]
[WhiteElo "1731"]
[BlackElo "1771"]
[TimeControl "2700+45"]

1. e4 c5 2. Nf3 Nc6 3. d4 cxd4 4. Nxd4 Nf6 5. Nc3 a6 6. g3 e5 7. Nde2 Bb4 8. Bg2
d6 9. O-O Be6 10. Be3 Ng4 11. Bd2 Bc5 12. h3 Nf6 13. b3 O-O 14. Na4 Qd7 15. Kh2
b5 16. Nxc5 dxc5 17. Be3 Qxd1 18. Rfxd1 Nd4 19. Bxd4 cxd4 20. f4 exf4 21. Nxf4
Rac8 22. Rac1 Rfd8 23. Ne2 g6 24. Nxd4 Rc3 25. Rd2 Re3 26. Nf3 Rxd2 27. Nxd2 Nh5
28. Nf1 Re2 29. Kg1 Nf6 30. Bf3 Rxe4 31. Bxe4 Nxe4 32. h4 b4 33. Kh2 Nc3 34. Ne3
a5 35. Ra1 h5 36. a3 Kf8 37. axb4 axb4 38. Ra8+ Ke7 39. Rb8 Na2 40. Kg2 Kd7 41.
Kf3 Kc7 42. Rb5 Kc6 43. Ra5 Nc3 44. g4 Kb6 45. Ra1 hxg4+ 46. Nxg4 Bd5+ 47. Kf4
Ne2+ 48. Ke5 Be6 49. Nh6 Kc5 50. Kf6 Kd4 51. Nxf7 Bf5 52. Ra4 Kc3 53. Nd8 Bxc2
54. Nc6 Be4 55. Rxb4 Bd5 56. Rb6 Bxb3 57. Rxb3+ Kxb3 58. Kxg6 Kc4 59. Kg5 Kd5
60. h5 Kxc6 61. h6 Nd4 62. h7 Ne6+ 63. Kf6 Nf8 64. h8=Q Nd7+ 65. Kf5 Nc5 66. Ke5
Nd7+ 67. Kd4 Nb6 68. Qe5 Nd7 69. Qd5+ Kc7 70. Kc3 Nb6 71. Qc5+ Kb7 72. Kb4 Nd7
73. Qd6 Nb6 74. Kb5 Nc8 75. Qc6+ Kb8 76. Ka6 {Black resigns} 1-0

[Event "Team 45 45 League T24"]
[Site "Internet Chess Club"]
[Date "2004.09.19"]
[Round "2"]
[White "Catalog"]
[Black "trikmamak"]
[Result "0-1"]
[WhiteElo "2171"]
[BlackElo "2186"]
[TimeControl "2700+45"]

1. d4 d5 2. c4 c6 3. Nf3 e6 4. e3 f5 5. Bd3 Nf6 6. Nbd2 Bd6 7. b3 Qe7 8. a3 O-O
9. Bb2 Ne4 10. Qc2 Nd7 11. g3 Ndf6 12. h3 Bd7 13. c5 Bc7 14. g4 Nxd2 15. Kxd2
Ne4+ 16. Ke2 Qf6 17. g5 Nxg5 18. Nxg5 Qxg5 19. f4 Qh5+ 20. Kd2 Qh4 21. Rag1 Kh8
22. Bc3 Rg8 23. Kc1 g5 24. Be1 Qh6 25. fxg5 Rxg5 26. Rf1 Rag8 27. Bd2 Qh4 28. e4
dxe4 29. Bc4 Rg2 30. Qc3 R8g3 31. d5+ Rxc3+ 32. Bxc3+ e5 33. d6 Qg3 34. Ba1 Ba5
{White resigns} 0-1

[Event "Team 45 45 League T24"]
[Site "Internet Chess Club"]
[Date "2004.09.18"]
[Round "2"]
[White "DavidBarnsley"]
[Black "EdBorowski"]
[Result "0-1"]
[WhiteElo "2046"]
[BlackElo "2063"]
[TimeControl "2700+45"]

1. d4 d5 2. Nc3 Nf6 3. e4 Nxe4 4. Nxe4 dxe4 5. Bc4 Bf5 6. c3 e6 7. Qb3 Qc8 8.
Ne2 Bd6 9. Ng3 Bxg3 10. hxg3 c6 11. Bf4 Nd7 12. Bd6 b5 13. Be2 Nb6 14. O-O-O Qd7
15. Bc5 Na4 16. Ba3 a5 17. c4 Rb8 18. d5 cxd5 19. cxd5 e3 20. Bd3 b4 21. Bxf5
exf5 22. Qxe3+ Qe7 23. Qf4 Rc8+ 24. Kb1 Qe4+ 25. Qxe4+ fxe4 26. Rd4 Nc5 27. Bxb4
axb4 28. Rxb4 Kd7 29. Rd4 Kd6 30. b4 Rb8 31. a3 Rhe8 32. Rxh7 Rg8 33. Kc2 Nd7
34. f3 Nf6 35. Rh1 e3 36. Re1 Rge8 37. Rd3 Rbc8+ 38. Kb3 e2 39. Rd2 Re3+ 40. Ka4
Rce8 41. Kb5 Nh5 42. a4 Nxg3 43. a5 Nh5 44. Rc2 Nf4 45. a6 Nxg2 46. Rexe2 Rxe2
47. Rxe2 Rxe2 48. a7 Ra2 49. Kb6 Kxd5 50. b5 Kc4 {White resigns} 0-1

[Event "Team 45 45 League T24"]
[Site "Internet Chess Club"]
[Date "2004.09.19"]
[Round "2"]
[White "MaxII"]
[Black "boffin"]
[Result "1/2-1/2"]
[WhiteElo "1676"]
[BlackElo "1991"]
[TimeControl "2700+45"]

1. e4 c5 2. Nf3 e6 3. d4 cxd4 4. Nxd4 a6 5. Be3 Nf6 6. Bd3 Nc6 7. Nxc6 dxc6 8.
O-O e5 9. h3 Be7 10. Nc3 O-O 11. Qe2 b5 12. Rad1 Qc7 13. a3 Bb7 14. Qf3 a5 15.
Ne2 c5 16. Ng3 c4 17. Be2 Rfd8 18. Bg5 Rxd1 19. Rxd1 Rd8 20. Bxf6 Bxf6 21. Nf5
Rxd1+ 22. Bxd1 Qc6 23. Ng3 g6 24. Qe3 Be7 25. Bf3 Qc5 26. Qxc5 Bxc5 27. Ne2 Bc6
28. c3 Kf8 29. Kf1 Ke7 30. Ng3 h5 31. Ke2 Ke6 32. Nf1 Be7 33. g3 Kd6 34. Ne3 Kc5
35. h4 b4 36. axb4+ axb4 37. cxb4+ Kxb4 38. Nd5+ Bxd5 39. exd5 Kc5 40. Ke3 f5
41. Bg2 Bf6 42. Kd2 e4 43. Kc2 Kxd5 44. b3 cxb3+ 45. Kxb3 Bd4 46. f3 Bf2 47. g4
hxg4 48. fxe4+ fxe4 49. Kc3 Bxh4 50. Kd2 Kd4 51. Ke2 Bg3 52. Bh1 Bh4 53. Bg2 g3
54. Bh1 Bg5 55. Bg2 Ke5 56. Bh1 Kf4 57. Bg2 Bf6 58. Bh1 Bd4 59. Bg2 e3 60. Bf3
g5 61. Bg2 Kg4 62. Kd3 Kf4 63. Ke2 Ba7 64. Kd3 Ke5 65. Ke2 Kd4 66. Bh1 g2 67.
Bxg2 Ke5 68. Kf3 Kd4 69. Bf1 Kc3 70. Kg4 {Game drawn by mutual agreement}
1/2-1/2

[Event "Team 45 45 League T24"]
[Site "Internet Chess Club"]
[Date "2004.09.19"]
[Round "2"]
[White "LeonieHelm"]
[Black "jimul"]
[Result "1-0"]
[WhiteElo "1819"]
[BlackElo "1634"]
[TimeControl "2700+45"]

1. e4 e6 2. d3 d5 3. Nd2 Bd6 4. Ngf3 c5 5. g3 Nc6 6. Bg2 Nge7 7. O-O O-O 8. c3
Ne5 9. Nxe5 Bxe5 10. f4 Bc7 11. Qh5 Bb6 12. e5 d4 13. Be4 f5 14. exf6 g6 15.
fxe7 gxh5 16. exd8=Q Rxd8 17. Nc4 Bc7 18. Ne5 Rf8 19. Bd2 Rb8 20. cxd4 cxd4 21.
Rac1 Bd6 22. Nc4 Be7 23. Rf2 Bd7 24. Rcf1 Bc6 25. Bxc6 bxc6 26. b3 Rb5 27. Re1
Rf6 28. Rfe2 Kf7 29. Ne5+ Ke8 30. Nxc6 Rc5 31. Nxe7 Kxe7 32. Bb4 {Black resigns}
1-0

[Event "Team 45 45 League T24"]
[Site "Internet Chess Club"]
[Date "2004.09.20"]
[Round "2"]
[White "MythicLegend"]
[Black "PostMike"]
[Result "0-1"]
[WhiteElo "1543"]
[BlackElo "1582"]
[TimeControl "2700+45"]

1. e4 e5 2. Nf3 Nc6 3. d4 exd4 4. Bc4 Nf6 5. O-O Bc5 6. c3 dxc3 7. Nxc3 O-O 8.
Bg5 h6 9. Bh4 g5 10. Nxg5 hxg5 11. Bxg5 Be7 12. Re1 Ne5 13. Bb3 d6 14. f4 Bg4
15. Qd4 Nc6 16. Qf2 Be6 17. Bc2 Ng4 18. Qh4 Bxg5 19. fxg5 Kg7 20. h3 Rh8 21. Qg3
Nge5 22. Ne2 Ng6 23. Qc3+ Nce5 24. Qe3 Qd7 25. Nf4 Nxf4 26. Qxf4 Qe7 27. Re3
Rag8 28. Rf1 Kf8 29. Rg3 Rg6 30. Qe3 b6 31. Bb3 Bxb3 32. Qxb3 Rxg5 33. Rxg5 Qxg5
34. Rf5 Qh4 35. Qb4 Qe7 36. Qa4 a5 37. b4 Qd7 38. Qa3 Qb5 39. bxa5 Qc5+ 40. Qxc5
bxc5 41. Rf2 Ke7 42. Rb2 Ra8 43. Rb5 Nc4 44. g4 Rxa5 45. Rxa5 Nxa5 46. h4 Kf8
47. h5 Kg7 48. g5 c4 49. Kf2 Nc6 50. Ke3 Ne5 51. a4 c5 52. Kd2 Nf3+ 53. Kc3 Nxg5
54. a5 Ne6 55. a6 Nc7 56. a7 Kh6 57. Kxc4 Kxh5 58. e5 dxe5 59. Kxc5 e4 60. Kc6
Na8 61. Kb7 e3 62. Kxa8 e2 63. Kb8 e1=Q 64. a8=Q Qe8+ 65. Ka7 Qxa8+ {White
resigns} 0-1